 Dungeon Crawl Stone Soup version 0.25.1-2-g60ff931df9 (webtiles) character file.

Game seed: 3224143486904769498

44 DogServant the Ruffian (level 3, 0/33 HPs)
             Began as a Naga Transmuter on Oct 18, 2020.
             Slain by an adder (1 damage)
             ... on level 2 of the Dungeon.
             The game lasted 00:01:48 (1754 turns).

DogServant the Ruffian (Naga Transmuter)            Turns: 1754, Time: 00:01:50

Health: 0/33       AC:  2    Str: 11 (13) XL:     3   Next: 60%
Magic:  6/6        EV: 10    Int: 12 (13) God:
Gold:   25         SH:  0    Dex:  9 (11) Spells: 5/6 levels left

rFire    . . .     SeeInvis +     - Unarmed
rCold    . . .     Gourm    .   (no shield)
rNeg     . . .     Faith    .   b - +0 robe
rPois    +         Spirit   .   (no helmet)
rElec    .         Reflect  .   (no cloak)
rCorr    .         Harm     .   (no gloves)
MR       .....                  (no barding)
Stlth    +.........             (no amulet)
HPRegen  0.11/turn              (no ring)
MPRegen  0.10/turn              (no ring)

@: lethally poisoned (0 -> -3), very slow
A: large, see invisible, deformed body, poison resistance, slowness 2, slow
metabolism 1, spit poison 1, AC +1
a: Spit Poison


You were on level 2 of the Dungeon.
You were hungry.

You visited 1 branch of the dungeon, and saw 2 of its levels.

You collected 25 gold pieces.

Inventory:

Missiles
 a - 12 arrows
Armour
 b - a +0 robe (worn)
Scrolls
 i - a scroll of teleportation
 j - a scroll of fear {unknown}
Comestibles
 d - 2 rations


   Skills:
 + Level 2.4 Fighting
 - Level 1.5 Dodging
 + Level 3.8 Unarmed Combat
 - Level 2.0 Spellcasting
 - Level 2.0 Transmutations


You had 5 spell levels left.
You knew the following spells:

 Your Spells              Type           Power        Failure   Level  Hunger
a - Beastly Appendage     Tmut           #.....       12%         1    ##.....

Your spell library contained the following spells:

 Spells                   Type           Power        Failure   Level  Hunger
 Sticks to Snakes         Tmut           #.......     19%         2    ###....
 Spider Form              Tmut/Pois      #.........   47%         3    ####...
 Ice Form                 Ice/Tmut       #.......     87%         4    #####..
 Blade Hands              Tmut           #.........   97%         5    ######.


Dungeon Overview and Level Annotations

Branches:
Dungeon (2/15)

Altars:


Innate Abilities, Weirdness & Mutations

You cannot wear boots.
Your serpentine skin is tough. (AC +1)
You have supernaturally acute eyesight. (SInv)
Armour fits poorly on your strangely shaped body.
Your system is resistant to poisons. (rPois)
You cover ground very slowly.
You have a slow metabolism.
You can spit poison.


Message History

The leopard gecko closely misses you.
Okay, then.
It was a potion of magic.
Magic courses through your body.
You feel sick. The adder barely misses you.
The leopard gecko bites you but does no damage.
The adder bites you.
* * * LOW HITPOINT WARNING * * *
Okay, then.
As you read the scroll labeled WAGETUUXEMP, it crumbles to dust.
You feel aware of your surroundings.
It was a scroll of magic mapping.
The leopard gecko barely misses you. The adder bites you but does no damage.
As you read the scroll labeled GECWOKLIAMN, it crumbles to dust.
It is a scroll of identify.
i - a scroll of teleportation You have got your breath back.
* * * LOW HITPOINT WARNING * * *
You feel sick. The leopard gecko bites you.
* * * LOW HITPOINT WARNING * * *
The adder bites you.
You die...

#.#**#.# #.# #.# #.# #.# #### #.#
#.# ******* ...# #.# #.# *,,,,,,
...###.####.############***,,,,,,
.................?......,,,,,,,,,
.....#.####.###.........,*,,,,,,,
+#...#.# #.# #.@.......,*,******
.#...#.# #.#*#.lS......,*,*
.#...#.####..,+.........,*,*
.........####*#.........,*,* ****
.#####.#.# #.........,*,* *,,, .#
###+#.# #.........,*,* *,** .#
#.....# #.........,*,* *,*
.###.....# #.........,*,* *,*
......<..#####*,,,,,,,,,,*,* *,*


You could see an adder and a leopard gecko.

Vanquished Creatures
  An adder (D:2)
  An ooze (D:1)
  2 dart slugs (D:1)
  A leopard gecko (D:1)
  A bat (D:1)
  3 giant cockroaches (D:1)
  4 goblins (D:1)
  2 hobgoblins (D:1)
  3 kobolds (D:1)
  A quokka (D:1)
  A ball python (D:1)
  2 frilled lizards
  A rat (D:2)
23 creatures vanquished.

Notes
Turn   | Place    | Note
-------+----------+-------------------------------------------
     0 | D:1      | DogServant the Naga Transmuter began the quest for the Orb.
     0 | D:1      | Reached XP level 1. HP: 18/18 MP: 3/3
   273 | D:1      | Reached XP level 2. HP: 22/25 MP: 5/5
   809 | D:1      | HP: 1/26 [giant cockroach (2)]
   810 | D:1      | Reached XP level 3. HP: 2/32 MP: 4/6
  1754 | D:2      | HP: 1/33 [leopard gecko (2)]
  1754 | D:2      | Slain by an adder

Illustrated notes

Levels and vault maps discovered:
D:1:      dpeg_arrival_boxes_within_box, layout_basic
D:2:      layout_basic, minmay_nonomino_d4

Skill      XL: |  1  2 |
---------------+-------+-----
Fighting       | 2 |  2.4
Dodging        | |  1.5
Unarmed Combat | |  3.8
Spellcasting   | |  2.0
Transmutations | |  2.0

Action                   || total
-------------------------++-------
Melee: Unarmed           ||    92
       Headbutt          ||     5
       Punch             ||     1
 Cast: Beastly Appendage ||     8
 Abil: Spit Poison       ||     8
  Use: Scroll            ||     2
       Potion            ||     2
  Eat: Chunk             ||     1
Armor: Robe              ||    21
Dodge: Dodged            ||    77
